MLB
SAN FRANCISCO GIANTS @ LOS ANGELES DODGERS
07/17/2020
 
TOP OF THE 1ST
San Francisco Giants batting - Pitching for Los Angeles Dodgers : RHP Mike Foltynewicz
Pitching: RHP Mike Foltynewicz
Batting: LHB Cavan Biggio 0-0: Ball
1-0: Foul Ball, location: 2F
1-1: Fly out, F8 (Flyball, 89S, EV 86.3 MPH)
Batting: RHB Yairo Munoz 0-0: Fly out, F4 (Popup, 4, EV 61.3 MPH)
Batting: LHB Rougned Odor 0-0: Called Strike
0-1: Foul Ball, location: 2F
0-2: Ball
1-2: Ball
2-2: Ball
3-2: Foul Ball, location: 2F
3-2: Base on Balls
Batting: RHB Austin Slater 0-0: Called Strike
0-1: Foul Ball, location: 2F
0-2: Ball
1-2: Ball
2-2: Foul Ball, location: 2F
2-2: Ball
3-2: Fly out, F7 (Line Drive, 7D, EV 95.0 MPH)
Top of the 1st over - 0 runs, 0 hits, 0 errors, 1 left on base; San Francisco 0 - Los Angeles 0
BOTTOM OF THE 1ST
Los Angeles Dodgers batting - Pitching for San Francisco Giants : RHP Drew Carlton
Pitching: RHP Drew Carlton
Batting: RHB Jose Peraza 0-0: Ball
1-0: Bunt for hit to 5S - play at first, batter safe!
Batting: RHB Mookie Betts 0-0: Foul Ball, location: 2F
0-1: Ball
1-1: Ball
2-1: Foul Ball, location: 2F
2-2: Ball
3-2: Grounds into double play, 6-4-3 (Groundball, 6, EV 88.8 MPH)
Batting: LHB Michael Brantley 0-0: Fly out, F9 (Line Drive, 9D, EV 91.9 MPH)
Bottom of the 1st over - 0 runs, 1 hit, 0 errors, 0 left on base; San Francisco 0 - Los Angeles 0
TOP OF THE 2ND
San Francisco Giants batting - Pitching for Los Angeles Dodgers : RHP Mike Foltynewicz
Batting: LHB Billy McKinney 0-0: Ball
1-0: Ground out 5-3 (Groundball, 5, EV 103.1 MPH)
Batting: RHB Welington Castillo 0-0: Called Strike
0-1: Ball
1-1: Foul Ball, location: 2F
1-2: Strikes out swinging
Batting: LHB Ryan Schimpf 0-0: Fly out, F9 (Flyball, 89S, EV 92.5 MPH)
Top of the 2nd over - 0 runs, 0 hits, 0 errors, 0 left on base; San Francisco 0 - Los Angeles 0
BOTTOM OF THE 2ND
Los Angeles Dodgers batting - Pitching for San Francisco Giants : RHP Drew Carlton
Batting: RHB Jonathan Schoop 0-0: Called Strike
0-1: Ball
1-1: Called Strike
1-2: Ball
2-2: Ball
3-2: Strikes out swinging, 2-3 out at first.
Batting: SHB Eduardo Escobar 0-0: Foul Ball, location: 2F
0-1: Ball
1-1: Ball
2-1: Foul Ball, location: 2F
2-2: Foul Ball, location: 2F
2-2: Fly out, F8 (Flyball, 8RXD, EV 100.6 MPH)
Batting: RHB Jesus Aguilar 0-0: Ball
1-0: Swinging Strike
1-1: Foul Ball, location: 2F
1-2: Foul Ball, location: 2F
1-2: Strikes out swinging
Bottom of the 2nd over - 0 runs, 0 hits, 0 errors, 0 left on base; San Francisco 0 - Los Angeles 0
TOP OF THE 3RD
San Francisco Giants batting - Pitching for Los Angeles Dodgers : RHP Mike Foltynewicz
Batting: LHB Travis Jankowski 0-0: Ball
1-0: Swinging Strike
1-1: Fly out, F7 (Flyball, 7, EV 93.8 MPH)
Batting: RHB Drew Carlton 0-0: Ball
1-0: Ball
2-0: Foul Ball, location: 2F
2-1: Called Strike
2-2: Ground out U3 (Groundball, 34, EV 78.1 MPH)
Batting: LHB Cavan Biggio 0-0: Ball
1-0: Called Strike
1-1: Ball
2-1: Called Strike
2-2: Ground out 4-3 (Groundball, 4S, EV 83.1 MPH)
Top of the 3rd over - 0 runs, 0 hits, 0 errors, 0 left on base; San Francisco 0 - Los Angeles 0
BOTTOM OF THE 3RD
Los Angeles Dodgers batting - Pitching for San Francisco Giants : RHP Drew Carlton
Batting: RHB Randal Grichuk 0-0: Called Strike
0-1: Called Strike
0-2: Ball
1-2: Ball
2-2: Strikes out looking
Batting: RHB Mike Zunino 0-0: Ball
1-0: Ball
2-0: Ball
3-0: Base on Balls
Batting: RHB Mike Foltynewicz 0-0: Sac Bunt to 13 - play at first, batter OUT! 1-4
Mike Zunino to second
Batting: RHB Jose Peraza 0-0: Ball
1-0: Swinging Strike
1-1: DOUBLE (Line Drive, 7LM, EV 104.4 MPH)
Mike Zunino scores
Batting: RHB Mookie Betts 0-0: Ball
1-0: Ball
2-0: Ball
3-0: Base on Balls
Batting: LHB Michael Brantley 0-0: Foul Ball, location: 2F
0-1: Foul Ball, location: 2F
0-2: Foul Ball, location: 7LSF, Error on foul ball, E7
0-2: Ball
1-2: Ball
2-2: Ball
3-2: Ground out 4-3 (Groundball, 34, EV 104.4 MPH)
Bottom of the 3rd over - 1 run, 1 hit, 1 error, 2 left on base; San Francisco 0 - Los Angeles 1
TOP OF THE 4TH
San Francisco Giants batting - Pitching for Los Angeles Dodgers : RHP Mike Foltynewicz
Batting: RHB Yairo Munoz 0-0: Ball
1-0: SINGLE (Line Drive, 78S, EV 100.6 MPH)
Batting: LHB Rougned Odor 0-0: Called Strike
Pickoff Throw to First - Out! 1-3
0-1: Ball
1-1: Foul Ball, location: 2F
1-2: Ball
2-2: Ground out 4-3 (Groundball, 4, EV 75.6 MPH)
Batting: RHB Austin Slater 0-0: Swinging Strike
0-1: Foul Ball, location: 2F
0-2: Strikes out swinging
Top of the 4th over - 0 runs, 1 hit, 0 errors, 0 left on base; San Francisco 0 - Los Angeles 1
BOTTOM OF THE 4TH
Los Angeles Dodgers batting - Pitching for San Francisco Giants : RHP Drew Carlton
Batting: RHB Jonathan Schoop 0-0: Ball
1-0: SINGLE (Groundball, 6D, EV 98.1 MPH)
Batting: SHB Eduardo Escobar 0-0: Ball
1-0: Ball
2-0: Foul Ball, location: 2F
2-1: Foul Ball, location: 2F
2-2: Ball
3-2: Grounds into double play, 5-4-3 (Groundball, 6, EV 103.1 MPH)
Batting: RHB Jesus Aguilar 0-0: Ball
1-0: Ball
2-0: Called Strike
2-1: Ball
3-1: Base on Balls
Batting: RHB Randal Grichuk 0-0: Called Strike
0-1: Ball
1-1: Foul Ball, location: 2F
1-2: Strikes out looking
Bottom of the 4th over - 0 runs, 1 hit, 0 errors, 1 left on base; San Francisco 0 - Los Angeles 1
TOP OF THE 5TH
San Francisco Giants batting - Pitching for Los Angeles Dodgers : RHP Mike Foltynewicz
Batting: LHB Billy McKinney 0-0: Foul Ball, location: 2F
0-1: SINGLE (Groundball, 56, EV 81.9 MPH) (infield hit)
Batting: RHB Welington Castillo 0-0: Ball
1-0: Ball
2-0: Fly out, F8 (Line Drive, 8RD, EV 92.5 MPH)
Batting: LHB Ryan Schimpf 0-0: Ball
1-0: Ball
2-0: Grounds into double play, U6-3 (Groundball, 4M, EV 78.8 MPH)
Top of the 5th over - 0 runs, 1 hit, 0 errors, 0 left on base; San Francisco 0 - Los Angeles 1
BOTTOM OF THE 5TH
Los Angeles Dodgers batting - Pitching for San Francisco Giants : RHP Drew Carlton
Batting: RHB Mike Zunino 0-0: Ball
1-0: Hit by Pitch
Batting: RHB Mike Foltynewicz 0-0: Sac Bunt to 15S - play at second, runner OUT! 1-6
Batting: RHB Jose Peraza 0-0: Ground out U3 (Groundball, 3L, EV 90.6 MPH)
Mike Foltynewicz to second
Batting: RHB Mookie Betts 0-0: Intentional Walk
Pitching: RHP Daniel Hudson
Now at SS: Dylan Moore
Batting: LHB Michael Brantley 0-0: Foul Ball, location: 2F
0-1: Ball
1-1: Ball
2-1: Foul Ball, location: 2F
2-2: Fly out, F7 (Flyball, 78M, EV 90.0 MPH)
Bottom of the 5th over - 0 runs, 0 hits, 0 errors, 2 left on base; San Francisco 0 - Los Angeles 1
TOP OF THE 6TH
San Francisco Giants batting - Pitching for Los Angeles Dodgers : RHP Mike Foltynewicz
Batting: LHB Travis Jankowski 0-0: Foul Ball, location: 2F
0-1: Foul Ball, location: 2F
0-2: Ball
1-2: SINGLE (Groundball, 56S, EV 69.4 MPH) (infield hit)
Batting: RHB Dylan Moore 0-0: Ball
Travis Jankowski is caught stealing 2nd base 2-4
1-0: Ball
2-0: Swinging Strike
2-1: Foul Ball, location: 2F
2-2: Strikes out looking
Batting: LHB Cavan Biggio 0-0: Foul Ball, location: 2F
0-1: Called Strike
0-2: Foul Ball, location: 2F
0-2: Fly out, F7 (Flyball, 7, EV 84.4 MPH)
Top of the 6th over - 0 runs, 1 hit, 0 errors, 0 left on base; San Francisco 0 - Los Angeles 1
BOTTOM OF THE 6TH
Los Angeles Dodgers batting - Pitching for San Francisco Giants : RHP Daniel Hudson
Batting: RHB Jonathan Schoop 0-0: Ball
1-0: Foul Ball, location: 2F
1-1: Ground out 6-3 (Groundball, 56, EV 83.1 MPH)
Batting: SHB Eduardo Escobar 0-0: Called Strike
0-1: Foul Ball, location: 2F
0-2: Ball
1-2: Foul Ball, location: 2F
1-2: SINGLE (Groundball, 34D, EV 95.0 MPH)
Batting: RHB Jesus Aguilar 0-0: Called Strike
0-1: Called Strike
0-2: Ball
1-2: Strikes out swinging
Batting: RHB Randal Grichuk 0-0: Ball
1-0: Fielders Choice at 2nd, 6-4 (Groundball, 56, EV 86.3 MPH)
Bottom of the 6th over - 0 runs, 1 hit, 0 errors, 1 left on base; San Francisco 0 - Los Angeles 1
TOP OF THE 7TH
San Francisco Giants batting - Pitching for Los Angeles Dodgers : RHP Mike Foltynewicz
Batting: RHB Yairo Munoz 0-0: Ball
1-0: Ground out 5-3 (Groundball, 5, EV 91.3 MPH)
Batting: LHB Rougned Odor 0-0: Called Strike
0-1: Ball
1-1: Ball
2-1: Fly out, F7 (Flyball, 78M, EV 80.6 MPH)
Batting: RHB Austin Slater 0-0: Called Strike
0-1: Ball
1-1: Foul Ball, location: 2F
1-2: Ball
2-2: Foul Ball, location: 2F
2-2: Foul Ball, location: 2F
2-2: Foul Ball, location: 2F
2-2: Ball
3-2: Foul Ball, location: 2F
3-2: SINGLE (Line Drive, 8LS, EV 101.3 MPH)
Batting: LHB Billy McKinney 0-0: Ball
1-0: Called Strike
1-1: Ball
2-1: Ball
3-1: Ground out U3 (Groundball, 3, EV 99.4 MPH)
Top of the 7th over - 0 runs, 1 hit, 0 errors, 1 left on base; San Francisco 0 - Los Angeles 1
BOTTOM OF THE 7TH
Los Angeles Dodgers batting - Pitching for San Francisco Giants : RHP Daniel Hudson
Pitching: RHP Tommy Hunter
Batting: RHB Mike Zunino 0-0: Reached on error, E4 (Popup, 23, EV 81.3 MPH)
Batting: RHB Mike Foltynewicz 0-0: Sac Bunt to 23 - play at first, batter OUT! 3-4
Mike Zunino to second
Batting: RHB Jose Peraza 0-0: Ground out 6-3 (Groundball, 4MS, EV 81.9 MPH)
Mike Zunino to third
Batting: RHB Mookie Betts 0-0: Intentional Walk
Batting: LHB Michael Brantley 0-0: Ground out 4-3 (Groundball, 4, EV 81.3 MPH)
Bottom of the 7th over - 0 runs, 0 hits, 1 error, 2 left on base; San Francisco 0 - Los Angeles 1
TOP OF THE 8TH
San Francisco Giants batting - Pitching for Los Angeles Dodgers : RHP Mike Foltynewicz
Batting: RHB Welington Castillo 0-0: SINGLE (Flyball, 34D, EV 90.0 MPH)
Pinch Hitting: RHB David Bote 0-0: Ball
1-0: Ball
2-0: Foul Ball, location: 2F
2-1: SINGLE (Groundball, 6MD, EV 96.3 MPH)
Welington Castillo to second
Runner from 2nd tries for 3rd, SAFE, throw by CF made to third
Pitching: RHP Cody Allen
Batting: LHB Travis Jankowski 0-0: Called Strike
0-1: Ball
David Bote is caught stealing 2nd base 2-6
1-1: Squeeze Bunt to P - play home, runner OUT, batter safe! 1-2
Batting: RHB Dylan Moore 0-0: Ball
1-0: Ball
Travis Jankowski steals 2nd base
2-0: Called Strike
2-1: SINGLE (Line Drive, 9S, EV 98.8 MPH)
Travis Jankowski to third
Batting: LHB Cavan Biggio 0-0: Swinging Strike
0-1: Ball
1-1: Fly out, F7 (Flyball, 78M, EV 91.9 MPH)
Top of the 8th over - 0 runs, 3 hits, 0 errors, 2 left on base; San Francisco 0 - Los Angeles 1
BOTTOM OF THE 8TH
Los Angeles Dodgers batting - Pitching for San Francisco Giants : RHP Tommy Hunter
Pitching: RHP Josh Martin
Batting: RHB Jonathan Schoop 0-0: Foul Ball, location: 2F
0-1: Ball
1-1: Foul Ball, location: 2F
1-2: SOLO HOME RUN (Flyball, 7D, EV 93.8 MPH), Distance : 403 ft
Batting: SHB Eduardo Escobar 0-0: Ball
1-0: Ball
2-0: Ground out 5-3 (Groundball, 6, EV 83.8 MPH)
Batting: RHB Jesus Aguilar 0-0: Called Strike
0-1: Ball
1-1: Ground out 6-3 (Groundball, 6, EV 108.1 MPH)
Batting: RHB Randal Grichuk 0-0: Called Strike
0-1: Ball
1-1: Foul Ball, location: 2F
1-2: Ball
2-2: Strikes out swinging
Bottom of the 8th over - 1 run, 1 hit, 0 errors, 0 left on base; San Francisco 0 - Los Angeles 2
TOP OF THE 9TH
San Francisco Giants batting - Pitching for Los Angeles Dodgers : RHP Cody Allen
Pitching: RHP Hunter Strickland
Batting: RHB Yairo Munoz 0-0: Ball
1-0: Swinging Strike
1-1: Foul Ball, location: 2F
1-2: Ball
2-2: Ground out U3 (Groundball, 3S, EV 85.6 MPH)
Batting: LHB Rougned Odor 0-0: Ball
1-0: Foul Ball, location: 2F
1-1: Ball
2-1: Foul Ball, location: 2F
2-2: Strikes out swinging
Batting: RHB Austin Slater 0-0: Called Strike
0-1: Fly out, F5 (Flyball, 5D, EV 93.1 MPH)
Top of the 9th over - 0 runs, 0 hits, 0 errors, 0 left on base; San Francisco 0 - Los Angeles 2
Tuesday, September 8th, 2020 - OOTP Baseball 21.5 Build 76